 Dungeon Crawl Stone Soup version 0.22-b1-26-g9dbaab1112 (webtiles) character file.

1261 Pisosu the Basher (level 8, -11/70 HPs)
             Began as a Minotaur Fighter on Aug 9, 2018.
             Was a Follower of Trog.
             Mangled by an orc warrior
             ... wielding a +0 glaive
              (12 damage)
             ... on level 6 of the Dungeon.
             The game lasted 00:13:25 (4102 turns).

Pisosu the Basher (Minotaur Fighter)                Turns: 4102, Time: 00:13:26

Health: -11/70     AC: 11    Str: 25    XL:     8   Next: 27%
Magic:  5/7        EV: 10    Int: 10    God:    Trog [*.....]
Gold:   245        SH:  0    Dex:  5    Spells: 7/7 levels left

rFire    . . .     SeeInvis .   n - +3 great mace of Peace {crush, Str+2 Int+5 Dex-5}
rCold    . . .     Gourm    .   (shield currently unavailable)
rNeg     + . .     Faith    .   b - +0 scale mail
rPois    .         Spirit   .   (helmet restricted)
rElec    .         Reflect  .   u - scarf {repulsion}
rCorr    .         Harm     .   (no gloves)
MR       .....                  r - +0 pair of boots
Stlth    ..........             (no amulet)
HPRegen  0.21/turn              C - ring of attention (curse)
MPRegen  0.10/turn              D - ring "Saqakios" {+Inv rN+ AC+3 Stlth+}

@: very slightly contaminated, invisible, repel missiles
A: retaliatory headbutt, horns 2
a: Berserk, Renounce Religion


You were on level 6 of the Dungeon.
You worshipped Trog.
Trog was aware of your devotion.
You were very hungry.

You visited 1 branch of the dungeon, and saw 6 of its levels.
You also visited: Sewer.

You collected 245 gold pieces.

Inventory:

Hand Weapons
 k - a +0 flail of protection
 n - the +3 great mace of Peace (weapon) {crush, Str+2 Int+5 Dex-5}
   (You took it off an ogre on level 4 of the Dungeon)

   It inflicts extra damage upon your enemies.
   It affects your strength (+2).
   It affects your intelligence (+5).
   It affects your dexterity (-5).
Missiles
 m - a throwing net
 p - 54 bolts
 w - 5 javelins
 y - 5 needles of confusion
 E - a tomahawk (quivered)
Armour
 b - a +0 scale mail (worn)
 c - a +0 shield
 r - a +0 pair of boots (worn)
 u - a scarf of repulsion (worn)
Jewellery
 v - a +1 ring of protection
 C - a cursed ring of attention (left hand)
 D - the ring "Saqakios" (right hand) {+Inv rN+ AC+3 Stlth+}
   (You found it on level 4 of the Dungeon)

   [ring of protection]

   It affects your AC (+3).
   It protects you from negative energy.
   It lets you turn invisible.
   It makes you more stealthy.
Wands
 i - a wand of enslavement (13)
Scrolls
 g - 2 scrolls of magic mapping
 j - a scroll of remove curse
 o - 2 scrolls of enchant armour
 q - a scroll of random uselessness {unknown}
 t - 4 scrolls of teleportation {unknown}
 z - 2 scrolls of fear {unknown}
 B - a scroll of enchant weapon {unknown}
 F - 3 scrolls of identify
Potions
 a - a potion of magic {unknown}
 d - 2 potions of might
 e - 2 potions of lignification {unknown}
 h - a potion of heal wounds {unknown}
 l - 3 potions of curing
 s - 5 potions of flight
 x - a potion of agility {unknown}
 A - a potion of invisibility {unknown}
 G - a potion of resistance {unknown}
Comestibles
 f - 12 rations


   Skills:
 + Level 6.0 Fighting
 + Level 8.3 Maces & Flails
 + Level 6.2 Armour
 + Level 6.7 Shields


You had 7 spell levels left.
You didn't know any spells.
Your spell library contained the following spells:

 Spells                   Type           Power        Failure   Level  Hunger
 Magic Dart               Conj           #...         63%         1    ##.....
 Conjure Flame            Conj/Fire      #.......     94%         3    ####...
 Slow                     Hex            #.......     77%         2    ###....
 Mephitic Cloud           Conj/Pois/Air  #.......     94%         3    ####...
 Blink                    Tloc           N/A          77%         2    ###....
 Call Imp                 Summ           #.......     77%         2    ###....


Dungeon Overview and Level Annotations

Branches:
Dungeon (6/15)
 Temple: D:4-7

Altars:
Cheibriados
Dithmenos
Fedhas
Gozag
Hepliaklqana
Kikubaaqudgha
Makhleb
Trog
Wu Jian
Xom
Zin

Shops:
D:3 *   D:4 %


Innate Abilities, Weirdness & Mutations

You reflexively headbutt those who attack you in melee.
You have a pair of horns on your head.


Message History

The orc warrior barely misses you.
You hit the orc priest but do no damage.
The orc warrior shouts repeatedly.
The orc warrior hits you from afar with a glaive!
The orc priest closely misses you.
You bludgeon the orc priest!!
You kill the orc priest!
Trog accepts your kill.
Your Fighting skill increases to level 6!
The orc warrior hits you from afar with a glaive!
You hit the orc.
The orc is almost dead.
The orc warrior hits you from afar with a glaive!!
* * * LOW HITPOINT WARNING * * *
The orc hits you but does no damage.
You fade into invisibility!
You are very lightly contaminated with residual magic.
You are feeling very hungry.
The orc warrior hits you from afar with a glaive!
You die...

######## #.#......#
#.#.####)# #.#.##<#.#
######### #.#.##.#.#
#(.......
#.#....#.#.#@##.....
###.######.#.#o##.#...
#.#.........>.o.......
#......###.#.#.##.#...
#.####.# #.#.#(# # #.#
#.# ..#.#.# #.# #.#
#.#.#.# # #.# #..
..#.#(##.##.#
#.##########..........


You could see an orc warrior and an orc.

Vanquished Creatures
  2 ogres (D:4)
  2 phantoms (D:4)
  2 centaurs
  The ghost of patthesweetcat the Firebug, an amateur OpFE (D:4)
  A bullfrog (D:6)
  A scorpion (D:5)
  A bullfrog zombie (D:6)
  2 hounds (D:4)
  An orc priest (D:6)
  A centaur skeleton (D:4)
  An iguana (D:5)
  An orc wizard (D:6)
  4 worker ants
  3 gnolls (D:5)
  7 adders
  5 oozes
  3 adder skeletons
  8 worms
  3 dart slugs
  7 leopard geckos
  7 orcs
  4 ball pythons
  12 giant cockroaches
  3 goblins
  11 hobgoblins
  10 jackals
  2 quokkas
  5 bats
  6 frilled lizards
  A giant cockroach zombie (D:5)
  A jackal skeleton (D:4)
  9 kobolds
  5 rats
132 creatures vanquished.

Notes
Turn   | Place    | Note
-------+----------+-------------------------------------------
     0 | D:1      | Pisosu the Minotaur Fighter began the quest for the Orb.
     0 | D:1      | Reached XP level 1. HP: 19/19 MP: 0/0
    66 | D:1      | Reached XP level 2. HP: 24/27 MP: 1/1
   345 | D:1      | Reached XP level 3. HP: 33/33 MP: 2/2
   674 | D:2      | Found a shimmering altar of Xom.
   783 | D:2      | Reached skill level 3 in Maces & Flails
   803 | D:2      | Found an ancient bone altar of Kikubaaqudgha.
   805 | D:2      | Found a blossoming altar of Fedhas.
   910 | D:2      | Reached XP level 4. HP: 40/40 MP: 3/3
  1209 | D:3      | Found a shadowy altar of Dithmenos.
  1658 | D:3      | Found Zin's Purification Station.
  1662 | D:3      | Found a glowing silver altar of Zin.
  1671 | D:3      | Found a glowing drain.
  1694 | Sewer    | Entered a sewer
  1827 | Sewer    | Reached XP level 5. HP: 47/47 MP: 4/4
  1948 | Sewer    | Reached skill level 5 in Shields
  2206 | Sewer    | Reached skill level 4 in Maces & Flails
  2530 | D:4      | Noticed a phantom
  2562 | D:4      | Killed a phantom
  2562 | D:4      | Reached skill level 5 in Armour
  2562 | D:4      | Reached XP level 6. HP: 49/53 MP: 5/5
  2596 | D:4      | Found a bloodstained altar of Trog.
  2608 | D:4      | Became a worshipper of Trog the Wrathful
  2619 | D:4      | Reached skill level 5 in Maces & Flails
  2808 | D:4      | Found Bisam's Food Boutique.
  2839 | D:4      | Noticed patthesweetcat's ghost (amateur OpFE)
  2840 | D:4      | Found a transporter.
  2843 | D:4      | Found a transporter.
  2889 | D:4      | Reached skill level 5 in Fighting
  2889 | D:4      | Reached XP level 7. HP: 61/61 MP: 6/6
  2944 | D:4      | Found a hazy altar of Hepliaklqana.
  3189 | D:4      | Reached skill level 6 in Maces & Flails
  3200 | D:4      | Killed patthesweetcat's ghost
  3202 | D:4      | Got a bloodstained great mace {crush}
  3210 | D:4      | Got a glittering tin ring
  3215 | D:4      | Identified the ring "Saqakios" {+Inv rN+ AC+3 Stlth+} (You found it on level 4 of the Dungeon)
  3226 | D:4      | Identified the +3 great mace of Peace {crush, Str+2 Int+5 Dex-5} (You took it off an ogre on level 4 of the Dungeon)
  3294 | D:5      | Entered Level 5 of the Dungeon
  3359 | D:5      | Reached skill level 7 in Maces & Flails
  3555 | D:5      | Found an opulent altar of Gozag.
  3577 | D:5      | Found an ornate altar of the Wu Jian Council.
  3595 | D:5      | Found a burning altar of Makhleb.
  3614 | D:5      | Reached * piety under Trog
  3614 | D:5      | Reached XP level 8. HP: 31/69 MP: 7/7
  3868 | D:5      | Found a snail-covered altar of Cheibriados.
  4091 | D:6      | Reached skill level 8 in Maces & Flails
  4101 | D:6      | HP: 1/70 [orc warrior/glaive (23)]
  4102 | D:6      | Mangled by an orc warrior

Skill      XL: |  1  2  3  4  5  6  7  8 |
---------------+-------------------------+-----
Armour         | 4 5 6 |  6.2
Shields        | 4 5 6 |  6.7
Fighting       | 4 5 6 |  6.0
Maces & Flails | 3 4 5 7 8 |  8.3

Action                   |  1- 3 |  4- 6 |  7- 9 || total
-------------------------+-------+-------+-------++-------
Melee: Flail             |   103 |   218 |    20 ||   341
       Headbutt          |    19 |    31 |     9 ||    59
       Great mace        |       |       |    57 ||    57
Throw: Tomahawk          |       |       |     1 ||     1
 Abil: Evoke Invisibilit |       |       |     1 ||     1
  Use: Scroll            |       |     4 |     2 ||     6
       Potion            |       |     1 |       ||     1
  Eat: Chunk             |       |     7 |       ||     7
       Ration            |       |       |     1 ||     1
Armor: Scale mail        |    42 |   138 |    40 ||   220
Dodge: Dodged            |    28 |    83 |    57 ||   168
       Deflected         |       |       |     9 ||     9
Block: Shield            |    58 |   148 |     4 ||   210
